 Dungeon Crawl Stone Soup version 0.30-a0-571-gdf30a72648 (webtiles) character file.

Game seed: 17277317429818015395

586 Jase the Slasher (level 7, -2/79 HPs)
             Began as a Djinni Gladiator on Dec 29, 2022.
             Was an Initiate of Gozag.
             Slain by an iguana (4 damage)
             ... on level 6 of the Dungeon.
             The game lasted 00:11:27 (3969 turns).

Jase the Slasher (Djinni Gladiator)                 Turns: 3969, Time: 00:11:27

Health: -2/79      AC: 23    Str: 13    XL:     7   Next: 65%
Gold:   144        EV:  2    Int: 11    God:    Gozag SH:  0 Dex: 15

rFire   x . .      SeeInvis .    a - +0 long sword
rCold   + . .      Faith    .    (no shield)
rNeg    . . .      Spirit   .    (body armour currently unavailable)
rPois   ∞          Reflect  .    (helmet currently unavailable)
rElec   .          Harm     .    (cloak currently unavailable)
rCorr   .          Rampage  .    (gloves currently unavailable)
Will    .....      NoTele   +    (boots unavailable)
Stlth   +                        A - amulet of the acrobat
HPRegen 0.33/turn                v - ring of ice
MPRegen 0.00/turn                (no ring)

@: tree-form, gold aura, very slightly contaminated
A: stationary, stasis, torment immunity, boosted hp, sickness immunity, (fire
resistance 2), (cold vulnerability 1), float, innate caster, HP casting, extra
vitality 1
a: Renounce Religion, Potion Petition, Call Merchant, Bribe Branch


You were on level 6 of the Dungeon.
You worshipped Gozag.
Gozag was aware of your devotion.
You were a tree.
You visited 1 branch of the dungeon, and saw 6 of its levels.

You collected 807 gold pieces.
You spent 663 gold pieces at shops.

Inventory:

Hand Weapons
 a - a +0 long sword (weapon)
 b - a +4 antimagic dagger
 o - a +2 sling of draining
 u - the +9 trident of Waaguxau {drain, *Noise Dex+3}
   (You found it on level 3 of the Dungeon)

   A truly terrible weapon, it drains the life of any living foe it strikes.
   Dex:       It affects your dexterity (+3).
   *Noise:    It may make noises in combat.
Missiles
 d - 3 throwing nets
 e - a javelin
 m - 14 boomerangs (quivered)
Armour
 c - a +0 helmet (melded)
 j - a scarf of invisibility (melded)
 B - the +4 troll leather armour of Waumof (melded) {rElec Regen+ Str+3}
   (You bought it in a shop on level 1 of the Dungeon)

   Str:       It affects your strength (+3).
   rElec:     It insulates you from electricity.
   Regen:     It increases your rate of health regeneration.
Magical Staves
 w - a staff of cold
Jewellery
 v - a ring of ice (left branch)
 A - an amulet of the acrobat (around neck)
Wands
 D - a wand of iceblast (9)
Scrolls
 h - 2 scrolls of noise {unknown}
 n - 2 scrolls of amnesia {unknown}
 p - 2 scrolls of vulnerability {unknown}
 q - 5 scrolls of identify {unknown}
 r - a scroll of magic mapping {unknown}
 s - a scroll of poison {unknown}
 x - a scroll of fog {unknown}
 y - a scroll of enchant armour {unknown}
Potions
 f - a potion of magic {unknown}
 g - a potion of lignification
 i - 2 potions of might {unknown}
 k - 6 potions of curing {unknown}
 l - 2 potions of haste {unknown}
 t - a potion of attraction {unknown}
 z - a potion of flight {unknown}
 C - a potion of brilliance {unknown}


   Skills:
 + Level 4.5 Fighting
 + Level 5.0 Long Blades
 - Level 1.5 Throwing
 - Level 3.2 Dodging
 + Level 3.2 Spellcasting


You had 6 spell levels left.
You knew the following spells:

 Your Spells              Type           Power      Damage    Failure   Level
a - Sandblast             Erth           16%        2d6       7%          1
b - Scorch                Fire           16%        2d6       11%         2
c - Spider Form           Tmut/Pois      8%         N/A       21%         3
Your spell library was empty.

Dungeon Overview and Level Annotations

Branches:
Dungeon (6/15)
 Temple: D:4-7

Altars:
Gozag

Shops:
D:1 !:[


Innate Abilities, Weirdness & Mutations

You are a tree.
Your roots penetrate the ground, keeping you stationary.
You cannot be teleported.
You are immune to unholy pain and torment.
Your maximum health is greatly increased.
Your equipment is partially melded.
You are immune to sickness and miasma.
You are immune to poison.
((Your flesh is very heat resistant. (rF++)))
((You are vulnerable to cold. (rC-)))
You float through the air rather than walking.
You learn spells naturally, not from books.
Your magical power is your life essence.
You have superior vitality. (+4 MHP)


Message History

The iguana closely misses you. Something hits you but does no damage.
The iguana bites you.
You closely miss something. Something hits you but does no damage.
The iguana completely misses you.
You miss something. Something hits you but does no damage.
The iguana bites you.
You closely miss something. Something hits you but does no damage.
The iguana bites you!
You miss something. Something hits you but does no damage.
The iguana bites you!
* * * LOW HITPOINT WARNING * * *
You closely miss something. Something hits you but does no damage.
The iguana barely misses you.
Casting: Sandblast (safe; 9% risk of failure)
Confirm with . or Enter, or press ? or * to list all spells.
You miscast Spider Form.
You are very lightly contaminated with residual magic.
Nothing appears to happen.
* * * LOW HITPOINT WARNING * * *
Something hits you but does no damage. The iguana bites you.
* * * LOW HITPOINT WARNING * * *
You slash something!
Reactivating autopickup.
You feel a bit more experienced. The iguana closely misses you.
Your Long Blades skill increases to level 5!
Okay, then.
Unknown command.
Unknown command.
You hit the iguana but do no damage. The iguana bites you.
* * * LOW HITPOINT WARNING * * *
The iguana bites you but does no damage.
You barely miss the iguana. The iguana bites you.
* * * LOW HITPOINT WARNING * * *
It was a potion of lignification.
You turn into a tree.
Your scarf of invisibility melds into your body.
Your +0 helmet melds into your body.
The +4 troll leather armour of Waumof {rElec Regen+ Str+3} melds into your body.
Your roots penetrate the ground.
The iguana bites you.
You die...
Your body crumbles into a pile of gold.

#[KK<... #.... ..!..
#...K... #.... ....
#....... #....###...# #
#......S
#..........##.....###...
#............$###. .>.
#.............. . ###
##.....l....# ##
#......#♣# #...)..$.#
#.......## #......##
#######


You could see an iguana.

Vanquished Creatures
  A sky beast (D:6)
  A scorpion (D:5)
  A howler monkey (D:5)
  A gnoll bouda (D:5)
  3 jellies (D:5)
  An iguana (D:5)
  An orc wizard (D:5)
  5 gnolls (D:5)
  8 adders
  An ufetubus (D:5)
  4 dart slugs
  6 orcs
  7 ball pythons
  5 endoplasms
  7 giant cockroaches
  5 goblins
  10 hobgoblins
  7 jackals
  8 kobolds
  4 quokkas
  4 bats
  4 frilled lizards
  5 rats
99 creatures vanquished.

Notes
Turn   | Place    | Note
-------+----------+-------------------------------------------
     0 | D:1      | Jase the Djinni Gladiator began the quest for the Orb.
     0 | D:1      | Reached XP level 1. HP: 18/18 MP: 0/0
    50 | D:1      | Reached XP level 2. HP: 23/23 MP: 0/0
    53 | D:1      | Found a faded altar of an unknown god.
    58 | D:1      | Prayed at the altar of an unknown god.
    58 | D:1      | Became a worshipper of Gozag Ym Sagoz the Greedy
    63 | D:1      | Found Siodobib's Armour Shop.
    87 | D:1      | Reached skill level 3 in Long Blades
   159 | D:1      | Reached skill level 1 in Spellcasting
   178 | D:1      | Reached XP level 3. HP: 14/28 MP: 0/0
   178 | D:1      | Learned a level 1 spell: Sandblast
   344 | D:1      | Found Zeof's Weapon Boutique.
   482 | D:1      | Found Migan's Distillery.
   512 | D:1      | Found Vozxul's Book Shop.
   934 | D:2      | Reached XP level 4. HP: 33/33 MP: 0/0
  1579 | D:3      | Reached XP level 5. HP: 32/39 MP: 0/0
  1579 | D:3      | Learned a level 2 spell: Scorch
  1630 | D:3      | Identified the +9 trident of Waaguxau {drain, *Noise Dex+3}
  2826 | D:5      | Entered Level 5 of the Dungeon
  2850 | D:5      | Reached skill level 4 in Long Blades
  2996 | D:5      | Reached XP level 6. HP: 44/46 MP: 0/0
  3093 | D:1      | Bought the +4 troll leather armour of Waumof {rElec Regen+
                  | Str+3} for 663 gold pieces
  3586 | D:5      | Reached XP level 7. HP: 52/52 MP: 0/0
  3586 | D:5      | Learned a level 3 spell: Spider Form
  3967 | D:6      | Reached skill level 5 in Long Blades
  3968 | D:6      | HP: 1/53 [iguana (5)]
  3969 | D:6      | Slain by an iguana

Illustrated notes

Levels and vault maps discovered:
D:1:      minmay_arrival_three_doors, layout_rooms, serial_shops,
          nicolae_shop_bloodbath_and_beyond, nicolae_shop_behind_doors, shop,
          nicolae_shop_statue_plus, ebering_ecumenical_altar_box
D:2:      minmay_diamond_boxcup, layout_loops_ring, kennysheep_generic_room_7
D:3:      layout_basic, nicolae_kikubaaqudgha_miasma_corner
D:4:      layout_loops_cross
D:5:      layout_rooms
D:6:      layout_rooms, minmay_misc_feat_columns,
          nicolae_shop_sticking_my_neck_out

Skill      XL: |  1  2  3  4  5  6  7 |
---------------+----------------------+-----
Long Blades    | 3 4 5 |  5.0
Spellcasting   | 1 2 3 |  3.2
Fighting       | 3 4 |  4.5
Throwing       | |  1.5
Dodging        | |  3.2

Action                   |  1- 3 |  4- 6 |  7- 9 || total
-------------------------+-------+-------+-------++-------
Melee: Long sword        |    70 |   226 |    68 ||   364
       Punch             |       |     2 |     1 ||     3
Throw: Boomerang         |       |     3 |       ||     3
 Cast: Sandblast         |     9 |     8 |       ||    17
  Use: Potion            |       |       |     1 ||     1
 Stab: Sleeping          |     4 |     1 |       ||     5
Armor: Leather armour    |    19 |    65 |       ||    84
       Troll leather arm |       |    12 |    29 ||    41
Dodge: Dodged            |    53 |   168 |    39 ||   260

Table legend: (Time is in decaauts)
 A = Elapsed time spent in this place.
 B = Non-inter-level travel time spent in this place.
 C = Inter-level travel time spent in this place.
 D = Time resting spent in this place.
 E = Time spent auto-exploring this place.
 F = Levels seen in this place.
 G = Mean time per level.
                   A        B        C        D        E       F      G
               +--------+--------+--------+--------+--------+-----+--------+
         Total |   4053 |   3724 |    329 |    433 |   2280 |   6 |  675.5 |
       Dungeon |   4053 |   3724 |    329 |    433 |   2280 |   6 |  675.5 |
               +--------+--------+--------+--------+--------+-----+--------+

Top non-repeatable levels by time:
     D:5: 969 daAuts
     D:2: 820 daAuts
     D:4: 796 daAuts
     D:3: 762 daAuts
     D:1: 673 daAuts
     D:6: 31 daAuts
